cohdb
Replays
Latest Replays
All Replays
Popular Replays
Top Player Replays
Match Explorer
How It Works
Community
CoH3 Stats
Reddit
Sign in to upload your games and track your stats! →
Sign in with Steam
Match 40104524
Unlisted
Match 40104524
Overview
Messages
Build Orders
End
Panzergrenadier Squad
Panzergrenadier Squad
250 Light Carrier
Construct Light Support Kompanie
Panzerpioneer Squad
Selects GrB 39 Grenade Launcher Requisition
Selects Blockade Equipment
Assault Grenadier Squad
Panzerpioneer Squad
Fire Support Elements
MG34 Team
Pak 38 Anti-tank Gun Team
Panzergrenadier Squad
Flakvierling Half-track
Panzerpioneer Squad
Advanced Field Repairs
Selects Defensive Positions
Panzergrenadier Squad
Pak 38 Anti-tank Gun Team
Combat Half-tracks
Construct Mechanized Kompanie
Selects Butterfly Bomb Drop
MG34 Team
Vehicle Survival Package
Pak 38 Anti-tank Gun Team
MG34 Team
8 Rad Armored Car
Butterfly Bomb Drop
Pak 38 Anti-tank Gun Team
Pak 38 Anti-tank Gun Team
Selects Crew Shock Tactics
Tungsten Core Ammunition
Selects Italian Infantry
Selects Panzerjäger Kommand Battlegroup
CPU - 专家
CPU - 专家
CPU - 专家
CPU - 专家
XuZhongwei
尘埃SWR
andy
HighTeaHeidi
0
0
Comments
sign in to comment!
No comments posted yet!